 Dungeon Crawl Stone Soup version 0.22.0-6-g71bd7aa (webtiles) character file.

490 btonasse the Cleaver (level 6, -1/53 HPs)
             Began as a Minotaur Berserker on Aug 15, 2018.
             Was a Believer of Trog (penitent).
             Slain by a black bear (3 damage)
             ... created by the rage of Trog
             ... on level 4 of the Dungeon.
             The game lasted 00:11:25 (3446 turns).

btonasse the Cleaver (Minotaur Berserker)           Turns: 3446, Time: 00:11:26

Health: -1/53      AC:  7    Str: 22    XL:     6   Next: 90%
Magic:  5/5        EV: 11    Int:  4    God:    Trog [*]
Gold:   200        SH:  0    Dex: 11    Spells: 1/5 levels left

rFire    . . .     SeeInvis .   a - +0 hand axe
rCold    + . .     Gourm    .   (no shield)
rNeg     . . .     Faith    .   n - +2 ring mail {rC+}
rPois    .         Spirit   .   (helmet restricted)
rElec    .         Reflect  .   (no cloak)
rCorr    .         Harm     .   (no gloves)
MR       .....                  (no boots)
Stlth    +.........             (no amulet)
HPRegen  0.17/turn              t - ring of flight
MPRegen  0.09/turn              (no ring)

@: hasted, very quick
A: retaliatory headbutt, horns 2
a: Renounce Religion, Evoke Flight


You were on level 4 of the Dungeon.
You worshipped Trog.
Trog was demanding penance.
You were not hungry.

You visited 1 branch of the dungeon, and saw 4 of its levels.

You collected 200 gold pieces.

Inventory:

Hand Weapons
 a - a +0 hand axe (weapon)
 o - a +1 whip of flaming
 r - a +0 dagger of venom
Missiles
 h - 8 tomahawks (quivered)
Armour
 d - a +0 plate armour
 n - a +2 ring mail of cold resistance (worn)
Jewellery
 t - a ring of flight (left hand)
Scrolls
 e - 5 scrolls of teleportation
 f - a scroll of random uselessness
 j - a scroll of identify
 l - 2 scrolls of remove curse
 q - 2 scrolls of fear
Potions
 g - 2 potions of haste
 i - a potion of lignification {unknown}
 k - a potion of degeneration {unknown}
 m - 2 potions of ambrosia {unknown}
 p - a potion of might {unknown}
Comestibles
 c - a chunk of flesh
 s - 4 rations


   Skills:
 + Level 4.5 Fighting
 - Level 8.6 Axes
 + Level 3.6 Armour
 - Level 2.1 Dodging


You had one spell level left.
You knew the following spells:

 Your Spells              Type           Power        Failure   Level  Hunger
a - Animate Skeleton      Necr           N/A          65%         1    ##.....
b - Regeneration          Chrm/Necr      #.........   95%         3    ####...

Your spell library contained the following spells:

 Spells                   Type           Power        Failure   Level  Hunger
 Animate Dead             Necr           N/A          100%        4    #####..
 Pain                     Necr           #...         65%         1    ##.....
 Vampiric Draining        Necr           #.........   95%         3    ####...


Dungeon Overview and Level Annotations

Branches:
Dungeon (4/15)
 Temple: D:4-7

Altars:
Makhleb
Uskayaw
Vehumet


Innate Abilities, Weirdness & Mutations

You reflexively headbutt those who attack you in melee.
You have a pair of horns on your head.


Message History

The black bear claws you.
You slash the black bear!
You kill the black bear!
That felt strangely unrewarding.
You barely miss the black bear. The black bear bites you.
The black bear claws you but does no damage.
The black bear misses you.
You barely miss the black bear. You hit the black bear.
The black bear is lightly wounded.
The black bear closely misses you. The black bear claws you. x2
* * * LOW HITPOINT WARNING * * *
You hit the black bear. Your headbutt misses the black bear.
The black bear is lightly wounded.
The black bear bites you!
* * * LOW HITPOINT WARNING * * *
The black bear claws you.
* * * LOW HITPOINT WARNING * * *
The black bear claws you.
You die...

######.##_..##.########
######..#....'........#
........#_..###.#####.#
....##.###.##.#.#####.#
....##.# ####...##....#
.....#.# ######.####
...#.#.. #...# ...+.#..
#####(### ...####..
###..@h.# ...#
#....#<#.##### ...#
#....'...# ...#
#....#.### ...#
#....#.. #### #... #.#
#... ... ### #.# #.#


You could see a black bear (berserk).

Vanquished Creatures
  2 black bears (D:4)
  A crimson imp (D:4)
  A hound (D:4)
  2 bullfrog skeletons (D:4)
  Jessica (D:3)
  Natasha (D:3)
  2 iguanas (D:4)
  5 orc wizards (D:4)
  5 adders
  A gnoll (D:3)
  A leopard gecko (D:1)
  6 orcs
  3 ball pythons
  8 bats
  4 giant cockroaches
  8 goblins
  11 hobgoblins
  A quokka (D:4)
  7 frilled lizards
  7 kobolds
  5 rats (D:1)
82 creatures vanquished.

Notes
Turn   | Place    | Note
-------+----------+-------------------------------------------
     0 | D:1      | btonasse the Minotaur Berserker began the quest for the Orb.
     0 | D:1      | Reached XP level 1. HP: 19/19 MP: 0/0
    64 | D:1      | Reached skill level 4 in Axes
   117 | D:1      | Reached XP level 2. HP: 23/26 MP: 1/1
   525 | D:1      | Reached skill level 5 in Axes
   950 | D:1      | Reached XP level 3. HP: 27/31 MP: 2/2
  1704 | D:2      | Reached ** piety under Trog
  2277 | D:3      | Reached XP level 4. HP: 23/39 MP: 3/3
  2282 | D:3      | Reached skill level 6 in Axes
  2571 | D:3      | Noticed a dagger
  2572 | D:3      | Found a hide-covered altar of Uskayaw.
  2573 | D:3      | Noticed a hand axe
  2780 | D:3      | Noticed Natasha
  2786 | D:3      | Killed Natasha
  2791 | D:3      | Noticed Jessica
  2796 | D:3      | Killed Jessica
  2796 | D:3      | Reached skill level 7 in Axes
  2796 | D:3      | Reached XP level 5. HP: 37/45 MP: 4/4
  2950 | D:4      | Reached skill level 8 in Axes
  2988 | D:4      | Reached XP level 6. HP: 36/51 MP: 5/5
  3158 | D:4      | Was placed under penance by Trog
  3160 | D:4      | Learned a level 1 spell: Animate Skeleton
  3274 | D:4      | Learned a level 3 spell: Regeneration
  3372 | D:4      | Found a burning altar of Makhleb.
  3373 | D:4      | Found a radiant altar of Vehumet.
  3446 | D:4      | HP: 2/53 [black bear[the rage of Trog] (5)]
  3446 | D:4      | Slain by a black bear

Skill      XL: |  1  2  3  4  5  6 |
---------------+-------------------+-----
Axes           | 4 5 7 8 |  8.6
Fighting       | 4 |  4.5
Armour         | 3 |  3.6
Dodging        | |  2.1

Action                   |  1- 3 |  4- 6 || total
-------------------------+-------+-------++-------
Melee: Hand axe          |   104 |   128 ||   232
       Headbutt          |     7 |    31 ||    38
Throw: Tomahawk          |       |     1 ||     1
Invok: Berserk           |       |     1 ||     1
       Trog's Hand       |       |     1 ||     1
  Use: Scroll            |     3 |     3 ||     6
       Potion            |       |     5 ||     5
  Eat: Chunk             |     4 |     2 ||     6
       Ration            |       |     1 ||     1
Armor: Animal skin       |     9 |       ||     9
       Scale mail        |     9 |       ||     9
       Plate armour      |     9 |       ||     9
       Ring mail         |     2 |    64 ||    66
Dodge: Dodged            |    66 |    79 ||   145
